 Dungeon Crawl Stone Soup version 0.17-a0-1255-gd996e2d (webtiles) character file.

18 MonkeyBuisness the Shooter (level 2, -1/25 HPs)
             Began as a Centaur Hunter on June 6, 2015.
             Slain by Ijyb
             ... wielding a +7 club
              (7 damage)
             ... on level 2 of the Dungeon.
             The game lasted 00:04:27 (1461 turns).

MonkeyBuisness the Shooter (Centaur Hunter)         Turns: 1461, Time: 00:04:27

Health: -1/25      AC:  4    Str: 14    XL:     2   Next: 48%
Magic:  2/2        EV:  9    Int: 10    God:
Gold:   10         SH:  0    Dex:  9    Spells: 0 memorised, 1 level left

rFire  . . .     SeeInvis .     a - +1 shortbow
rCold  . . .     Clarity  .     d - +0 leather armour
rNeg   . . .     SustAt   .     (no shield)
rPois  .         Gourm    .     (no helmet)
rElec  .         Spirit   .     (no cloak)
rCorr  .         Warding  .     (no gloves)
rMut   .         Stasis   .     (no barding)
MR     .....                    (no amulet)
Stlth  +.........               (no ring)
                                (no ring)

@: very quick, not resistant to hostile enchantments, very unstealthy
A: hooves 3, deformed body, speed 2, tough skin 3
a: no special abilities


You were on level 2 of the Dungeon.
You were hungry.

You visited 1 branch of the dungeon, and saw 2 of its levels.

You collected 10 gold pieces.

Inventory:

Hand weapons
 a - a +1 shortbow (weapon)
 c - a +0 short sword
Missiles
 b - 3 arrows (quivered)
Armour
 d - a +0 leather armour (worn)
Jewellery
 k - an uncursed amulet of guardian spirit {unknown}
   (You found it on level 1 of the Dungeon)
 m - an uncursed amulet of resist mutation {unknown}
   (You found it on level 1 of the Dungeon)
Scrolls
 l - a scroll of remove curse {unknown}
Potions
 f - a potion of flight
 h - a potion of brilliance
 i - a potion of lignification {!q}
 j - a potion of haste
Comestibles
 e - 2 bread rations {@e1}
 n - a meat ration {@e2}


   Skills:
 + Level 2.4 Fighting
 + Level 5.5 Bows
 + Level 0.5 Armour
 + Level 1.4 Dodging
 - Level 0.5 Stealth


You had one spell level left.
You didn't know any spells.

Dungeon Overview and Level Annotations

Branches:
Dungeon (2/15)

Altars:

Annotations:
D:2 Ijyb


Innate Abilities, Weirdness & Mutations

You have hooves in place of feet.
Armour fits poorly on your strangely shaped body.
You cover ground very quickly.
You have extremely tough skin (AC +3).


Message History

You see here an arrow.
b - an arrow You see here an arrow.
b - 2 arrows (gained 1)
Things that are here:
an arrow; 22 stones
b - 3 arrows (gained 1)
You see here a bread ration {@e1}.
e - 2 bread rations {@e1} (gained 1)
You see here an arrow.
b - 4 arrows (gained 1)
Things that are here:
an arrow; 10 gold pieces; a bat skeleton
b - 5 arrows (gained 1)
You now have 10 gold pieces.
You see here 2 arrows.
Ijyb hits you with an enchanted club.
You see here an arrow.
You take 2 damage, and have 11/25 hp.
b - 6 arrows (gained 1)
You see here 2 arrows.
b - 8 arrows (gained 2) Ijyb hits you with an enchanted club.
You take 1 damage, and have 10/25 hp.
You see here an arrow.
b - 9 arrows (gained 1) Ijyb misses you.
You see here an arrow.
b - 10 arrows (gained 1) Ijyb hits you with an enchanted club.
* * * LOW HITPOINT WARNING * * *
You take 4 damage, and have 6/25 hp.
You see here 22 stones.
Ijyb screams, "I no like you!"
You see here 22 stones.
b - 12 arrows (gained 2)
There are no items here.
You start resting.
You are feeling hungry.
You regained 13 hp, and now have 24/25 hp.
Health restored: 25 Ijyb shouts!
Aim: Ijyb, wielding an enchanted club and wearing a runed chain mail You shoot an arrow.
The arrow hits Ijyb.
Aim: Ijyb, wielding an enchanted club and wearing a runed chain mail (lightly wounded)
You shoot an arrow. The arrow hits Ijyb!
Aim: Ijyb, wielding an enchanted club and wearing a runed chain mail (heavily wounded)
You shoot an arrow. The arrow completely misses Ijyb.
Ijyb barely misses you.
You see here 22 stones.
Aim: Ijyb, wielding an enchanted club and wearing a runed chain mail (heavily wounded)
You shoot an arrow. The arrow hits Ijyb but does no damage.
Aim: Ijyb, wielding an enchanted club and wearing a runed chain mail (heavily wounded)
You shoot an arrow. The arrow hits Ijyb.
Ijyb hits you with an enchanted club!
You take 7 damage, and have 18/25 hp.
MASSIVE DAMAGE!!
Aim: Ijyb, wielding an enchanted club and wearing a runed chain mail (heavily wounded)
You shoot an arrow. The arrow hits Ijyb but does no damage.
Aim: Ijyb, wielding an enchanted club and wearing a runed chain mail (heavily wounded)
You shoot an arrow. The arrow hits Ijyb but does no damage.
Aim: Ijyb, wielding an enchanted club and wearing a runed chain mail (heavily wounded)
You shoot an arrow. The arrow hits Ijyb!
Ijyb hits you with an enchanted club.
You take 4 damage, and have 14/25 hp.
You are too injured to fight recklessly!
Ijyb hits you but does no damage.
You are too injured to fight recklessly!
You are too injured to fight recklessly!
You are too injured to fight recklessly!
You are too injured to fight recklessly!
You are too injured to fight recklessly!
Aim: Ijyb, wielding an enchanted club and wearing a runed chain mail (severely wounded)
You shoot an arrow. The arrow hits Ijyb but does no damage.
Aim: Ijyb, wielding an enchanted club and wearing a runed chain mail (severely wounded)
You shoot an arrow. The arrow hits Ijyb but does no damage.
Aim: Ijyb, wielding an enchanted club and wearing a runed chain mail (severely wounded)
You shoot an arrow. The arrow closely misses Ijyb.
Aim: Ijyb, wielding an enchanted club and wearing a runed chain mail (severely wounded)
You shoot an arrow. The arrow hits Ijyb but does no damage.
Ijyb barely misses you. Ijyb hits you but does no damage.
You see here 22 stones.
You see here an arrow.
b - an arrow Ijyb hits you with an enchanted club.
You take 5 damage, and have 11/25 hp.
You see here an arrow.
b - 2 arrows (gained 1) Ijyb hits you with an enchanted club.
* * * LOW HITPOINT WARNING * * *
You take 6 damage, and have 5/25 hp.
MASSIVE DAMAGE!!
You see here an arrow.
You see here an arrow.
b - 3 arrows (gained 1)
You see here an arrow.
b - 4 arrows (gained 1) Ijyb screams, "Me stronger than you!"
Aim: Ijyb, wielding an enchanted club and wearing a runed chain mail (severely wounded)
You shoot an arrow. The arrow closely misses Ijyb.
Ijyb hits you with an enchanted club!
You die...

#.# #(# #.# #.#
#.# #.########
#.#......#
#######g#.####.#
.......@..#.<#.#
#######.#.#.##.#
#.#...##.#
#.######.#
#........#
##########


You could see Ijyb.

Vanquished Creatures
  A giant gecko (D:1)
  3 giant cockroaches (D:1)
  4 jackals (D:1)
  5 bats
  A giant newt (D:1)
  2 kobolds (D:1)
16 creatures vanquished.

Notes
Turn   | Place    | Note
--------------------------------------------------------------
     0 | D:1      | MonkeyBuisness the Centaur Hunter began the quest for the Orb.
     0 | D:1      | Reached XP level 1. HP: 17/17 MP: 1/1
   320 | D:1      | Reached XP level 2. HP: 24/24 MP: 2/2
   728 | D:2      | Noticed Ijyb
  1126 | D:2      | HP: 6/25 [Ijyb/enchanted club (4)]
  1449 | D:2      | HP: 5/25 [Ijyb/enchanted club (6)]
  1461 | D:2      | Slain by Ijyb

Vault maps used:
D:1:      dpeg_arrival_arbitrary_c
D:2:      nicolae_overflow_crystal_walls, serial_curves, eino_curves_04,
          eino_curves_02, uniq_natasha, uniq_sigmund, uniq_terence, uniq_iyjb,
          uniq_crazy_yiuf_cottage

Action                   || total
-------------------------++-------
Melee: Shortbow          ||     4
 Fire: Shortbow          ||    89
  Use: Scroll            ||     4

Vault maps used:
D:1:      dpeg_arrival_arbitrary_c
D:2:      nicolae_overflow_crystal_walls, serial_curves, eino_curves_04,
          eino_curves_02, uniq_natasha, uniq_sigmund, uniq_terence, uniq_iyjb,
          uniq_crazy_yiuf_cottage

Table legend:
 A = Turns spent in this place as a percentage of turns spent in the entire game.
 B = Non-inter-level travel turns spent in this place as a percentage of non-inter-level travel turns spent in the entire game.
 C = Inter-level travel turns spent in this place as a percentage of turns spent in this place.
 D = Turns resting spent in this place as a percentage of non-inter-level travel turns spent in this place.
 E = Turns spent auto-exploring this place as a percentage of non-inter-level travel turns spent in this place.
 F = Non-inter-level travel turns spent in this place divided by the number of levels of this place that you've seen.
                   A       B       C       D       E      F
               +-------+-------+-------+-------+-------+----------------------
         Total | 100.0 | 100.0 |   0.2 |   0.8 |   5.8 | 250.5
       Dungeon | 100.0 | 100.0 |   0.2 |   0.8 |   5.8 | 250.5
               +-------+-------+-------+-------+-------+----------------------

Table legend:
 A = Kills in this place as a percentage of kills in entire the game.
 B = Kills by you in this place as a percentage of kills by you in the entire game.
 C = Kills by friends in this place as a percentage of kills by friends in the entire game.
 D = Other kills in this place as a percentage of other kills in the entire game.
 E = Experience gained in this place as a percentage of experience gained in the entire game.
 F = Experience gained in this place divided by the number of levels of this place that you have seen.
                   A       B       C       D       E      F
               +-------+-------+-------+-------+-------+----------------------
         Total | 100.0 | 100.0 |  -nan |  -nan | 100.0 |  13.0
       Dungeon | 100.0 | 100.0 |  -nan |  -nan | 100.0 |  13.0
               +-------+-------+-------+-------+-------+----------------------
